 Dungeon Crawl Stone Soup version 0.28-a0-465-ge2dae52223 (webtiles) character file.

Game seed: 5139546847498777163

828 omnomnOMINOUS the Conjurer (level 7, -2/48 HPs)
             Began as an Octopode Wanderer on Sept 15, 2021.
             Was a Priest of Dithmenos.
             Slain by an orc warrior (20 damage)
             ... on level 6 of the Dungeon.
             The game lasted 00:17:52 (6773 turns).

omnomnOMINOUS the Conjurer (Octopode Wanderer)      Turns: 6773, Time: 00:17:53

Health: -2/48      AC:  1    Str:  9    XL:     7   Next: 97%
Magic:  19/19      EV: 14    Int: 18    God:    Dithmenos [***...]
Gold:   49         SH:  0    Dex: 14    Spells: 9/10 levels left

rFire   . . .      SeeInvis +   a - +1 spear (vamp)
rCold   . . .      Faith    .   (no shield)
rNeg    . . .      Spirit   .   s - +0 hat
rPois   .          Reflect  .   (no amulet)
rElec   .          Harm     .   i - ring of magical power
rCorr   .          Rampage  .   u - ring of Feunale {Dex+2 SInv}
Will    .....                   (no ring)
Stlth   +++.......              (no ring)
HPRegen 0.16/turn               (no ring)
MPRegen 0.16/turn               (no ring)
                                (no ring)
                                (no ring)

@: about to teleport, wreathed by umbra
A: almost no armour, amphibious, 8 rings, camouflage 1, gelatinous body 1,
(nimble swimmer 1), tentacles
a: Renounce Religion, Shadow Step


You were on level 6 of the Dungeon.
You worshipped Dithmenos.
Dithmenos was most pleased with you.
You visited 1 branch of the dungeon, and saw 6 of its levels.

You collected 192 gold pieces.
You spent 143 gold pieces at shops.

Inventory:

Hand Weapons
 a - a +1 vampiric spear (weapon)
 b - a +2 dagger of holy wrath
Missiles
 e - 7 javelins (quivered)
 l - 3 silver javelins
Armour
 s - a +0 hat (worn)
 z - a +0 kite shield
Magical Staves
 k - a staff of air
Jewellery
 i - a ring of magical power (left tentacle)
 u - the ring of Feunale (right tentacle) {Dex+2 SInv}
   (You found it on level 4 of the Dungeon)

   [ring of see invisible]

   Dex:       It affects your dexterity (+2).
   SInv:      It lets you see invisible.
Wands
 x - a wand of mindburst (17)
Scrolls
 d - 4 scrolls of identify {unknown}
 m - a scroll of magic mapping {unknown}
 n - a scroll of immolation {unknown}
 o - 3 scrolls of teleportation
 r - a scroll of amnesia {unknown}
 t - 2 scrolls of fear {unknown}
 v - a scroll of torment {unknown}
 w - a scroll of vulnerability {unknown}
 y - 2 scrolls of noise {unknown}
Potions
 c - 3 potions of brilliance {unknown}
 f - a potion of degeneration {unknown}
 g - a potion of mutation {unknown}
 h - 3 potions of heal wounds
 j - a potion of curing
 p - a potion of haste {unknown}
 q - a potion of might {unknown}


   Skills:
 + Level 4.0 Fighting
 - Level 1.0 Throwing
 + Level 4.0 Dodging
 - Level 1.0 Shields
 - Level 2.0 Spellcasting
 * Level 6.0 Conjurations
 - Level 2.0 Summonings
 - Level 2.0 Fire Magic
 - Level 1.0 Air Magic
 - Level 1.0 Earth Magic


You had 9 spell levels left.
You knew the following spells:

 Your Spells              Type           Power      Damage    Failure   Level
a - Foxfire               Conj/Fire      64%        2x1d7     3%          1

Your spell library contained the following spells:

 Spells                   Type           Power      Damage    Failure   Level
 Shock                    Conj/Air       56%        1d6       4%          1
 Summon Small Mammal      Summ           36%        N/A       8%          1
 Conjure Flame            Conj/Fire      16%        6-21      11%         3
 Scorch                   Fire           18%        2d6       12%         2
 Inner Flame              Hex/Fire       5%         N/A       34%         3
 Summon Guardian Golem    Hex/Summ       5%         N/A       34%         3
 Swiftness                Air            5%         N/A       34%         3
 Flame Wave               Conj/Fire      16%        3d5       34%         4


Dungeon Overview and Level Annotations

Branches:
Dungeon (6/15)
 Temple: D:4-7

Altars:
Dithmenos
Elyvilon
Makhleb
Nemelex Xobeh

Shops:
D:2 !:   D:6 *?

Annotations:
D:4 Sigmund


Innate Abilities, Weirdness & Mutations

You cannot wear most types of armour.
You are amphibious.
You can wear up to eight rings at the same time.
Your skin changes colour to match your surroundings (Stealth+).
Your rubbery body absorbs attacks. (AC +1, EV +1)
((You are camouflaged near water. (Stealth+)))
You have tentacles for arms and can constrict up to eight enemies at once.


Message History

No target in view!
Found a leather armour.
There is an entrance to Vuupinn's Magic Scroll Shoppe here.
o - 4 scrolls of teleportation (gained 1) Thank you for shopping at Vuupinn's Magic Scroll Shoppe!
You can access your shopping list by pressing '$'.
You open the door.
There is an open door here.
Found Zeng's Assorted Antiques.
An orc comes into view. It is wielding a +0 dagger.
There is an entrance to Zeng's Assorted Antiques here.
You can access your shopping list by pressing '$'.
An orc warrior comes into view. It is wielding a +0 glaive.
The orc warrior shouts!
You hear a shout!
An orc comes into view. It is wielding a +3 vorpal mace.
An orc wizard comes into view. It is wielding a +0 dagger.
The orc warrior hits you from afar with a +0 glaive!
The orc warrior hits you from afar with a +0 glaive.
There is an open door here.
You close the door.
There is an entrance to Vuupinn's Magic Scroll Shoppe here.
Okay, then.
Unknown command.
Aiming: Mindburst
Press: ? - help, Shift-Dir - straight line, f - orc warrior
Aim: an orc warrior, wielding a +0 glaive and wearing a +0 plate armour (umbra, chance to affect: 65%)
Okay, then.
Unknown command.
You see here a +0 leather armour.
The orc warrior misses you.
Aiming: Mindburst
Press: ? - help, Shift-Dir - straight line, f - orc warrior
Aim: an orc warrior, wielding a +0 glaive and wearing a +0 plate armour (umbra, chance to affect: 65%)
The orc warrior's mind is blasted!
The orc warrior hits you from afar with a +0 glaive!
Unknown command.
As you read the scroll of teleportation, it crumbles to dust.
You feel strangely unstable.
The orc warrior hits you from afar with a +0 glaive!!
You die...

### #### #.# #..#
#@# #..### #[#
#######....###o###
.......∩...#..o..#
#.##....##.#.#.#.#
#.##..##.+...∩.#
###.##.....####.##
......[.oo....#.#
###...#.#####.#.#


You could see an orc warrior and an orc.

Vanquished Creatures
  Menkaure (D:5)
  A necrophage (D:5)
  2 scorpions (D:5)
  2 hounds (D:5)
  An orc priest (D:4)
  A jelly (D:5)
  An iguana (D:5)
  4 orc wizards
  A hound zombie (D:3)
  3 gnolls (D:3)
  10 adders
  2 ufetubi
  An adder skeleton (D:4)
  A worm (D:3)
  A dart slug (D:1)
  17 orcs
  5 ball pythons
  4 bats
  5 endoplasms
  4 giant cockroaches
  13 goblins
  2 hobgoblins (D:3)
  6 jackals
  5 quokkas
  2 frilled lizards (D:1)
  5 kobolds
  6 rats
106 creatures vanquished.

Vanquished Creatures (others)
  144 foxfires
144 creatures vanquished.

Grand Total: 250 creatures vanquished

Notes
Turn   | Place    | Note
-------+----------+-------------------------------------------
     0 | D:1      | omnomnOMINOUS the Octopode Wanderer began the quest for the
                  | Orb.
     0 | D:1      | omnomnOMINOUS set off with the following items: a +0
                  | dagger; and the following spells available to memorise:
                  | Summon Small Mammal, Foxfire, Scorch, Shock, Conjure Flame,
                  | Inner Flame, Summon Guardian Golem, Swiftness, Flame Wave
     0 | D:1      | Reached XP level 1. HP: 11/11 MP: 3/3
     2 | D:1      | Learned a level 1 spell: Foxfire
   465 | D:1      | Reached skill level 1 in Conjurations
   465 | D:1      | Reached XP level 2. HP: 18/18 MP: 0/5
   932 | D:1      | Reached skill level 1 in Fighting
   932 | D:1      | Reached skill level 1 in Dodging
  1173 | D:2      | Reached XP level 3. HP: 13/23 MP: 6/6
  1354 | D:2      | Found a faded altar of an unknown god.
  1362 | D:2      | Became a worshipper of Dithmenos the Shadowed
  1362 | D:2      | Reached * piety under Dithmenos
  1382 | D:2      | Found Pideng's Book Shop.
  1947 | D:2      | Reached skill level 2 in Conjurations
  2149 | D:2      | Found Sesum's Distillery.
  2154 | D:2      | Bought a potion of curing for 39 gold pieces
  2668 | D:3      | Reached XP level 4. HP: 18/28 MP: 7/7
  2950 | D:3      | Reached ** piety under Dithmenos
  3110 | D:3      | Reached skill level 3 in Conjurations
  3150 | D:3      | Reached XP level 5. HP: 24/34 MP: 8/8
  3434 | D:3      | Found a shadowy altar of Dithmenos.
  3611 | D:4      | Noticed Sigmund
  3611 | D:4      | Noticed a necrophage
  4052 | D:4      | Found a sparkling altar of Nemelex Xobeh.
  4259 | D:4      | Identified the ring of Feunale {Dex+2 SInv}
  4286 | D:4      | Found a burning altar of Makhleb.
  4486 | D:2      | Bought a potion of heal wounds for 65 gold pieces
  4614 | D:4      | Reached XP level 6. HP: 29/41 MP: 9/9
  4824 | D:4      | Reached skill level 4 in Conjurations
  4859 | D:5      | Entered Level 5 of the Dungeon
  4935 | D:5      | Reached *** piety under Dithmenos
  5235 | D:5      | Noticed Menkaure
  5501 | D:5      | Noticed a necrophage
  5515 | D:5      | Reached XP level 7. HP: 46/46 MP: 10/10
  5521 | D:5      | Reached skill level 5 in Conjurations
  6081 | D:5      | Found a white marble altar of Elyvilon.
  6584 | D:5      | Killed Menkaure
  6585 | D:5      | Reached skill level 6 in Conjurations
  6732 | D:6      | Found Vuupinn's Magic Scroll Shoppe.
  6737 | D:6      | Bought a scroll of teleportation for 39 gold pieces
  6746 | D:6      | Found Zeng's Assorted Antiques.
  6773 | D:6      | Slain by an orc warrior

Illustrated notes

Levels and vault maps discovered:
D:1:      shiori_arrival_maze, layout_basic
D:2:      layout_basic, serial_shops, nicolae_diamond_shop, shop,
          shapermc_ecumenical_altar_notcrosses
D:3:      minmay_angry_zag, layout_loops_cross, kennysheep_flooded_box,
          amcnicky_mini_rare_corridor_liquid
D:4:      layout_basic, chequers_temple_overflow_statue_of_worship,
          eino_small_chamber_without_monster, minmay_misc_feat_chi, uniq_sigmund
D:5:      minmay_opposing_rooms, layout_loops_ring, old_standard_altar,
          uniq_menkaure
D:6:      layout_basic, serial_shops, nicolae_inconvenience_store,
          shop_fountains, shop, nicolae_square_shop, shop,
          kennysheep_pointless_box, minmay_ruined_shrine

Skill      XL: |  1  2  3  4  5  6  7 |
---------------+----------------------+-----
Conjurations   | 1 2 3 4 6 |  6.0
Fighting       | 1 2 3 4 |  4.0
Dodging        | 1 2 3 4 |  4.0
Throwing       | |  1.0
Shields        | |  1.0
Spellcasting   | |  2.0
Summonings     | |  2.0
Fire Magic     | |  2.0
Air Magic      | |  1.0
Earth Magic    | |  1.0

Action                   |  1- 3 |  4- 6 |  7- 9 || total
-------------------------+-------+-------+-------++-------
Melee: Dagger            |    93 |    50 |     9 ||   152
       Tentacles         |    22 |    22 |     6 ||    50
       Constrict         |    21 |    23 |     9 ||    53
       Spear             |       |    47 |    30 ||    77
 Cast: Foxfire           |    13 |    67 |    16 ||    96
Evoke: Wand              |       |       |     1 ||     1
  Use: Potion            |       |     1 |       ||     1
       Scroll            |       |       |     1 ||     1
 Stab: Sleeping          |     9 |     6 |     2 ||    17
Armor: Skin              |    12 |     7 |     1 ||    20
Dodge: Dodged            |    72 |    68 |    22 ||   162

Table legend: (Time is in decaauts)
 A = Elapsed time spent in this place.
 B = Non-inter-level travel time spent in this place.
 C = Inter-level travel time spent in this place.
 D = Time resting spent in this place.
 E = Time spent auto-exploring this place.
 F = Levels seen in this place.
 G = Mean time per level.
                   A        B        C        D        E       F      G
               +--------+--------+--------+--------+--------+-----+--------+
         Total |   6784 |   6587 |    197 |   1681 |   3786 |   6 | 1130.7 |
       Dungeon |   6784 |   6587 |    197 |   1681 |   3786 |   6 | 1130.7 |
               +--------+--------+--------+--------+--------+-----+--------+

Top non-repeatable levels by time:
     D:5: 1871 daAuts
     D:3: 1813 daAuts
     D:1: 1156 daAuts
     D:2: 1054 daAuts
     D:4: 842 daAuts
     D:6: 46 daAuts
